 Dungeon Crawl Stone Soup version 0.22.1-2-g9c5b331 (webtiles) character file.

27 shamaniam the Ruffian (level 2, -2/28 HPs)
             Began as a Troll Transmuter on Dec 3, 2018.
             Slain by a phantom (6 damage)
             ... on level 2 of the Dungeon.
             The game lasted 00:02:17 (1240 turns).

shamaniam the Ruffian (Troll Transmuter)            Turns: 1240, Time: 00:02:18

Health: -2/28      AC:  5    Str: 17    XL:     2   Next: 93%
Magic:  2/2        EV: 10    Int:  9    God:
Gold:   51         SH:  0    Dex: 10    Spells: 2/3 levels left

rFire    . . .     SeeInvis .     - Unarmed
rCold    . . .     Gourm    +   (no shield)
rNeg     . . .     Faith    .   b - +0 robe
rPois    .         Spirit   .   (helmet restricted)
rElec    .         Reflect  .   (no cloak)
rCorr    .         Harm     .   (gloves unavailable)
MR       .....                  (boots unavailable)
Stlth    +.........             (no amulet)
HPRegen  0.49/turn              (no ring)
MPRegen  0.08/turn              (no ring)

@: no status effects
A: large, unfitting armour, claws 3, fast metabolism 3, gourmand, regeneration
1, shaggy fur 1, tough skin 2
a: no special abilities


You were on level 2 of the Dungeon.
You were not hungry.

You visited 1 branch of the dungeon, and saw 2 of its levels.

You collected 51 gold pieces.

Inventory:

Missiles
 a - 12 arrows
 j - 14 sling bullets
Armour
 b - a +0 robe (worn)
Scrolls
 e - 4 scrolls of teleportation {unknown}
 g - a scroll of fog {unknown}
 h - a scroll of amnesia {unknown}
 i - a scroll of identify {unknown}
Potions
 c - a potion of heal wounds {unknown}
 f - 2 potions of curing {unknown}
Comestibles
 d - 4 rations


   Skills:
 + Level 1.7 Fighting
 - Level 1.5 Dodging
 + Level 3.6 Unarmed Combat
 - Level 1.2 Spellcasting
 - Level 1.3 Transmutations


You had 2 spell levels left.
You knew the following spells:

 Your Spells              Type           Power        Failure   Level  Hunger
a - Beastly Appendage     Tmut           #.....       21%         1    ##.....

Your spell library contained the following spells:

 Spells                   Type           Power        Failure   Level  Hunger
 Sticks to Snakes         Tmut           #.......     30%         2    ###....
 Spider Form              Tmut/Pois      #.........   63%         3    ####...
 Ice Form                 Ice/Tmut       #.......     95%         4    #####..
 Blade Hands              Tmut           #.........   99%         5    ######.


Dungeon Overview and Level Annotations

Branches:
Dungeon (2/15)

Altars:


Innate Abilities, Weirdness & Mutations

You are too large for most types of armour.
You have claws for hands.
Your metabolism is lightning-fast.
You like to eat raw meat.
Your natural rate of healing is unusually fast.
You are covered in fur. (AC +1)
You have very tough skin. (AC +2)


Message History

There is a stone staircase leading up here.
You start resting.
The phantom is too close now for your liking.
A phantom is nearby!
You scratch the phantom.
The phantom is moderately damaged.
The phantom hits you.
You claw the phantom!
The phantom is heavily damaged.
The phantom hits you.
You scratch the phantom.
The phantom is heavily damaged.
The phantom hits you!
* * * LOW HITPOINT WARNING * * *
You miss the phantom.
The phantom is heavily damaged.
You claw the phantom! You claw the phantom.
The phantom is almost destroyed.
The phantom hits you.
You die...

.###>##....# #.# #..#
#...###.#..###.# #..#
.....##+##.....###..#
##.###8.8###........#
...##.....##.######.#
.###8.....8### #.#
.##.........## #.#
.#8.(.......8######.#
.'.....|.....'.W@..<#
##8.........8########
##.........##
##8.....8## ##.....##
##8.8## ##+##


You could see a phantom.

Vanquished Creatures
  An ooze (D:1)
  A dart slug (D:1)
  3 leopard geckos (D:1)
  2 hobgoblins (D:1)
  2 kobolds
  A bat (D:1)
  4 frilled lizards (D:1)
  A goblin (D:1)
  6 rats
21 creatures vanquished.

Notes
Turn   | Place    | Note
-------+----------+-------------------------------------------
     0 | D:1      | shamaniam the Troll Transmuter began the quest for the Orb.
     0 | D:1      | Reached XP level 1. HP: 18/18 MP: 1/1
     3 | D:1      | Noticed a formicid
     3 | D:1      | Noticed a halfling
     5 | D:1      | Noticed a troll
     5 | D:1      | Noticed a vine stalker
     7 | D:1      | Noticed an ogre
     7 | D:1      | Noticed a ghoul
     9 | D:1      | Noticed a merfolk
     9 | D:1      | Noticed a naga
    11 | D:1      | Noticed an elf
    11 | D:1      | Noticed a demonspawn
    13 | D:1      | Noticed a felid
    13 | D:1      | Noticed a human
    15 | D:1      | Noticed a vampire
    15 | D:1      | Noticed a draconian
    17 | D:1      | Noticed a gargoyle
    19 | D:1      | Noticed a dwarf
    19 | D:1      | Noticed an octopode
    23 | D:1      | Noticed a tengu
    23 | D:1      | Noticed a demigod
    25 | D:1      | Noticed a minotaur
    25 | D:1      | Noticed a spriggan
    27 | D:1      | Noticed a centaur
    41 | D:1      | Reached skill level 1 in Fighting
    75 | D:1      | Reached XP level 2. HP: 14/27 MP: 2/2
  1178 | D:2      | Noticed a phantom
  1240 | D:2      | Slain by a phantom

Skill      XL: |  1 |
---------------+----+-----
Fighting       | 1 |  1.7
Dodging        | |  1.5
Unarmed Combat | |  3.6
Spellcasting   | |  1.2
Transmutations | |  1.3

Action                   || total
-------------------------++-------
Melee: Unarmed           ||    58
       Punch             ||     1
  Eat: Chunk             ||     9
Armor: Robe              ||    15
Dodge: Dodged            ||    18
